 Dungeon Crawl Stone Soup version 0.20-a0-640-g62ed22f (webtiles) character file.

1038 Klosterheim the Destroyer (level 8, -12/41 HPs)
             Began as a Deep Elf Wizard on Feb 12, 2017.
             Was a Follower of Vehumet.
             Mangled by a gnoll
             ... wielding a +0 halberd
              (15 damage)
             ... on level 5 of the Dungeon.
             The game lasted 00:09:23 (6247 turns).

Klosterheim the Destroyer (Deep Elf Wizard)         Turns: 6247, Time: 00:09:24

Health: -12/41     AC:  2    Str:  4    XL:     8   Next: 4%
Magic:  11/22      EV: 13    Int: 26    God:    Vehumet [*.....]
Gold:   181        SH:  0    Dex: 13    Spells: 15/23 levels left

rFire    . . .     SeeInvis .   (no weapon)
rCold    . . .     Gourm    .   a - +0 robe
rNeg     . . .     Faith    .   (no shield)
rPois    .         Spirit   .   b - +0 hat
rElec    .         Reflect  .   (no cloak)
rCorr    .         Harm     .   (no gloves)
MR       .....                  (no boots)
Stlth    ++........             (no amulet)
Regen    0.2/turn               (no ring)
MPRegen  0.2/turn               (no ring)

@: no status effects
A: no striking features
a: Renounce Religion


You were on level 5 of the Dungeon.
You worshipped Vehumet.
Vehumet was aware of your devotion.
You were not hungry.

You visited 2 branches of the dungeon, and saw 6 of its levels.

You collected 181 gold pieces.

Inventory:

Armour
 a - a +0 robe (worn)
 b - a +0 hat (worn)
Jewellery
 k - an uncursed amulet of faith {unknown}
 p - an uncursed ring of flight {unknown}
 t - an uncursed amulet of rage
Wands
 m - a wand of acid (6/15)
 r - a wand of flame (23/48)
Scrolls
 e - 2 scrolls of fear
 i - 2 scrolls of enchant armour {unknown}
 j - 2 scrolls of teleportation
Potions
 f - a potion of lignification
 g - a potion of flight
 n - 3 potions of curing
 s - a potion of degeneration {unknown}
Books
 c - a book of Minor Magic

   Spells                             Type                      Level
   a - Magic Dart                     Conjuration                  1
   b - Blink                          Translocation                2
   c - Call Imp                       Summoning                    2
   d - Slow                           Hexes                        2
   e - Conjure Flame                  Conjuration/Fire             3
   f - Mephitic Cloud                 Conjuration/Poison/Air       3
Comestibles
 d - 4 bread rations
 l - a royal jelly


   Skills:
 - Level 2.4 Dodging
 - Level 2.4 Stealth
 + Level 8.0 Spellcasting
 * Level 8.6 Conjurations
 - Level 1.1 Summonings
 - Level 1.1 Translocations


You had 15 spell levels left.
You knew the following spells:

 Your Spells              Type           Power        Failure   Level  Hunger
a - Magic Dart            Conj           ####         1%          1    None
b - Mephitic Cloud        Conj/Pois/Air  ####....     8%          3    None
c - Blink                 Tloc           N/A          6%          2    None
d - Call Imp              Summ           ###.....     6%          2    None


Dungeon Overview and Level Annotations

Branches:
Dungeon (5/15)             Temple (1/1) D:4

Altars:
Ashenzari
Dithmenos
Gozag
Hepliaklqana
Makhleb
Nemelex Xobeh
Okawaru
Qazlal
Ru
Vehumet
Xom
Yredelemnul
Zin
The Shining One


Message History

The gnoll closely misses you.
You hear the brisk hiss of an avalanche of sand nearby.
The gnoll misses you.
You see here a leather armour.
Things that are here:
a club; a chain mail; a hand axe A quokka comes into view.
The quokka moves out of view.
The quokka barely misses you. The quokka bites you.
* * * LOW HITPOINT WARNING * * *
You hit the quokka.
The quokka is moderately wounded.
The quokka bites you.
* * * LOW HITPOINT WARNING * * *
You hit the quokka but do no damage.
The quokka is moderately wounded.
The quokka bites you.
* * * LOW HITPOINT WARNING * * *
The gnoll hits you from afar with a halberd!
You die...

********,,***,**,****,*******,,,*
* *,,* *,*#..<,,,,,,,,,,,,,, *
*****,,***,*#.#***,,,,****...* *
*,,,,,,,,,,*#.# ****,* *#.#* *
*,,**,******#.# *,* #.#* *
*,,**,#######.# #.# #.# *
*,,**,#.!..../# #.# #.# *
*,,*#.>....??r# #.# #.#
****,,##........@##### #.# #.#
*,,,,,...............###.#####.##
,,,**,*#<.......g.....[..........
,,,,*,**#.........##.#.....###.#.
,,,,,,* *............%.........#.
,,,,,,* *.##.###..##.#.....#####.
%...,**##.#.......##.##.[.## #.
..,.***#..#..g...###.###)## #.
.:,,.##.#.#.###### #.# #.# #.


You could see a gnoll and a quokka.

Vanquished Creatures
  A hippogriff (D:4)
  Sigmund (D:2)
  A phantom (D:4)
  2 scorpions (D:4)
  A howler monkey (D:4)
  3 orc wizards (D:3)
  2 hounds (D:5)
  A jelly (D:3)
  2 worker ants (D:4)
  Robin (D:3)
  5 adders
  A gnoll (D:5)
  An ooze (D:3)
  2 worms (D:2)
  2 dart slugs
  6 leopard geckos
  9 orcs
  7 giant cockroaches
  19 goblins
  12 hobgoblins
  7 jackals
  8 kobolds
  3 quokkas
  2 ball pythons
  A ball python skeleton (D:4)
  9 bats
  6 frilled lizards
  A goblin zombie (D:5)
  7 rats
123 creatures vanquished.

Vanquished Creatures (collateral kills)
  2 slaves (D:4)
  A centaur zombie (D:5)
  A gnoll shaman (D:5)
  3 gnolls (D:5)
7 creatures vanquished.

Vanquished Creatures (others)
  A slave (D:4)
1 creature vanquished.

Grand Total: 131 creatures vanquished

Notes
Turn   | Place    | Note
-------+----------+-------------------------------------------
     0 | D:1      | Klosterheim the Deep Elf Wizard began the quest for the Orb.
     0 | D:1      | Reached XP level 1. HP: 10/10 MP: 7/7
   251 | D:1      | Reached XP level 2. HP: 9/15 MP: 3/9
   869 | D:1      | Reached XP level 3. HP: 19/19 MP: 6/11
  1184 | D:2      | Reached skill level 5 in Spellcasting
  2249 | D:2      | Noticed Sigmund
  2260 | D:2      | Killed Sigmund
  2260 | D:2      | Reached skill level 5 in Conjurations
  2260 | D:2      | Reached XP level 4. HP: 24/24 MP: 0/14
  2260 | D:2      | Reached XP level 5. HP: 28/28 MP: 0/15
  2931 | D:3      | Reached XP level 6. HP: 32/32 MP: 12/17
  2995 | D:3      | Noticed Robin
  3040 | D:3      | Killed Robin
  3768 | D:4      | Learned a level 3 spell: Mephitic Cloud
  3772 | D:4      | Learned a level 2 spell: Blink
  3775 | D:4      | Learned a level 2 spell: Call Imp
  3919 | D:4      | Killed a slave
  3922 | D:4      | Found a staircase to the Ecumenical Temple.
  4067 | D:4      | Noticed a slave
  4070 | Temple   | Entered the Ecumenical Temple
  4191 | Temple   | Became a worshipper of Vehumet
  4233 | D:4      | Killed a slave
  4487 | D:4      | Noticed a hippogriff
  4497 | D:4      | Killed a hippogriff
  4497 | D:4      | Reached XP level 7. HP: 2/36 MP: 6/19
  5869 | D:5      | Entered Level 5 of the Dungeon
  6145 | D:5      | Reached XP level 8. HP: 30/41 MP: 15/21
  6160 | D:5      | Reached * piety under Vehumet
  6160 | D:5      | Offered knowledge of Sandblast by Vehumet.
  6247 | D:5      | Mangled by a gnoll

Vault maps used:
D:1:      saegor_arrival_simple_f
D:2:      uniq_sigmund
D:3:      first_bread, minmay_misc_feat_ornament, uniq_robin
D:4:      minmay_temple_entry_statues_pillars, nrook_mini_backslash,
          lemuel_old_faithful, uniq_pikel
D:5:      enter_ossuary_3, minmay_misc_feat_nine_boxes
Temple:   roderic_octagonal_lattice_temple

Skill      XL: |  1  2  3  4  5  6  7  8 |
---------------+-------------------------+-----
Conjurations   | 2 5 7 8 |  8.6
Spellcasting   | 6 7 8 |  8.0
Dodging        | |  2.4
Stealth        | |  2.4
Summonings     | |  1.1
Translocations | |  1.1

Action                   |  1- 3 |  4- 6 |  7- 9 || total
-------------------------+-------+-------+-------++-------
Melee: Unarmed           |       |       |     3 ||     3
 Cast: Magic Dart        |   127 |   138 |   101 ||   366
       Call Imp          |       |     2 |     9 ||    11
       Mephitic Cloud    |       |     1 |     1 ||     2
       Blink             |       |       |     1 ||     1
  Use: Scroll            |       |     4 |     7 ||    11
  Eat: Chunk             |     4 |     6 |     1 ||    11
       Bread ration      |       |       |     1 ||     1
Armor: Robe              |     5 |     5 |     1 ||    11
Dodge: Dodged            |    28 |    11 |    23 ||    62
